Map: Frozen Temple

Players

blackxored - Winner!

  • Race: Zerg Zerg
  • League: Diamond

Viper

  • Race: Terran Terran
  • League: Platinum

VOD

Have the link to the VOD?

Description

Time

  • Played on: July 3, 2016, 2:46 p.m.
  • Length: 15:50
Show
View Real Time Build Order
Export as new Build Order

blackxored Zerg - Winner!

Build Orders: Hatch First, Muta Ling Bane 

Get SALT Encoding   

  12  0:02  Drone  
  13  0:08  Drone  
  14  0:18  Overlord  
  14  0:22  Extractor  
  14  0:23  Drone  
  15  0:38  Drone x2  
  17  0:54  Hatchery  
  17  0:57  Drone  
  17  0:59  Drone  
  18  1:11  Extractor  
  17  1:14  Spawning Pool  
  17  1:16  Drone  
  17  1:21  Drone  
  18  1:28  Drone  
  19  1:39  Overlord  
  19  1:49  Drone  
  20  2:01  Zergling x2, Queen  
  22  2:07  Zergling x2  
  24  2:14  Zergling x2  
  24  2:15  Metabolic Boost  
  25  2:17  Queen  
  27  2:23  Drone x2  
  29  2:35  Drone x2  
  31  2:50  Hatchery  
  30  2:53  Overlord  
  30  2:56  Queen  
  32  3:01  Overlord  
  32  3:07  Pneumatized Carapace  
  32  3:11  Drone  
  33  3:13  Drone  
  33  3:16  Drone  
  35  3:31  Drone x3  
  35  3:32  Drone x3  
  41  3:35  Drone  
  41  3:36  Drone  
  41  3:38  Drone  
  43  3:50  Drone  
  43  3:53  Overlord x2  
  44  4:02  Queen  
  46  4:03  Zergling x8  
  50  4:21  Queen x2  
  54  4:29  Zergling x2  
  54  4:30  Zergling x12  
  61  4:34  Baneling Nest  
  61  4:36  Overlord  
  61  4:38  Queen  
  62  4:48  Zergling x14  
  69  4:53  Overlord  
  69  5:03  Lair  
  69  5:04  Drone x2  
  69  5:05  Drone x3  
  74  5:07  Drone  
  75  5:19  Baneling x5  
  75  5:20  Drone x2  
  75  5:21  Drone x4  
  81  5:25  Drone  
  82  5:31  Overlord  
  82  5:43  Drone x7  
  82  5:46  Baneling  
  82  5:48  Baneling  
  89  5:52  Extractor  
  89  5:53  Extractor  
  89  5:56  Drone x6  
  93  6:00  Extractor x2  
  91  6:04  Drone  
  91  6:05  Drone x2  
  91  6:06  Drone  
  91  6:07  Drone x2  
  97  6:12  Hatchery  
  97  6:16  Drone  
  97  6:18  Overlord  
  97  6:33  Overlord, Hatchery  
  97  6:34  Overlord x2  
  97  6:38  Extractor  
  95  6:43  Zergling x14  
  95  6:45  Baneling  
  95  6:46  Baneling x3  
  102  6:47  Baneling  
  102  6:52  Overlord x2  
  102  6:55  Overseer  
  102  6:56  Overseer  
  102  7:03  Centrifical Hooks  
  102  7:04  Hatchery  
  102  7:06  Evolution Chamber  
  100  7:08  Evolution Chamber  
  100  7:10  Drone x3  
  100  7:13  Drone  
  103  7:22  Zergling x14  
  110  7:23  Zergling x8  
  110  7:26  Drone  
  110  7:27  Spire  
  110  7:28  Overseer  
  110  7:29  Overseer  
  114  7:33  Zergling x8  
  114  7:35  Baneling x3  
  114  7:36  Baneling x2  
  117  7:51  Zergling x2  
  117  7:52  Zergling x20  
  122  8:18  Zerg Ground Armor Level 1  
  122  8:20  Zerg Melee Weapons Level 1  
  122  8:26  Drone x3  
  122  8:27  Drone x14  
  134  8:28  Queen  
  139  8:42  Mutalisk x6  
  139  8:43  Mutalisk  
  139  8:46  Zerg Flyer Armor Level 1  
  153  8:50  Drone  
  153  8:51  Extractor x2  
  153  8:53  Zergling x2  
  153  8:54  Zergling x8  
  153  8:55  Overlord x2  
  156  9:01  Infestation Pit  
  155  9:16  Drone x2  
  157  9:17  Drone  
  157  9:18  Drone  
  157  9:19  Drone x2  
  161  9:38  Mutalisk x5  
  163  9:40  Overlord x4  
  163  9:42  Hive  
  171  9:45  Hatchery  
  171  9:46  Extractor  
  171  9:47  Extractor  
  160  10:34  Mutalisk x6  
  160  10:35  Mutalisk x5  
  160  11:07  Zerg Ground Armor Level 2, Zerg Melee Weapons Level 2  
  160  11:08  Ultralisk Cavern  
  160  11:10  Adrenal Glands  
  156  11:22  Zergling x2  
  156  11:23  Zergling x72  
  156  11:25  Baneling x5  
  193  11:26  Baneling x6  
  193  11:38  Zergling x2  
  193  11:39  Zergling x2  
  194  11:47  Baneling x22  
  194  11:48  Baneling  
  143  12:19  Zergling x16  
  143  12:20  Zergling x32  
  145  12:24  Mutalisk x6  
  145  12:25  Mutalisk x4  
  162  12:38  Chitinous Plating  
  162  12:39  Ultralisk x4  
  186  12:47  Drone x3  
  189  13:02  Overseer  
  189  13:11  Greater Spire  
  189  13:16  Overlord x3  
  189  13:17  Overlord  
  189  13:19  Overseer  
  189  13:25  Hatchery  
  189  13:26  Zergling x12  
  194  13:36  Ultralisk  
  200  13:54  Ultralisk  
  200  13:55  Ultralisk  
  174  14:27  Ultralisk x4  
  198  14:43  Extractor  
  198  14:44  Extractor  
Show
View Real Time Build Order
Export as new Build Order

Viper Terran 

Build Orders: Reaper Expand, MMM Bio 

Get SALT Encoding   

  12  0:00  SCV  
  13  0:16  SCV  
  13  0:19  Supply Depot  
  14  0:32  SCV  
  15  0:44  SCV  
  15  0:45  Barracks  
  16  0:50  Refinery  
  16  1:03  SCV  
  17  1:15  SCV  
  18  1:28  SCV  
  19  1:35  Reaper  
  20  1:40  Orbital Command  
  20  1:46  Command Center  
  20  2:07  SCV  
  21  2:13  Barracks  
  21  2:17  Supply Depot  
  21  2:19  Barracks Reactor, SCV  
  22  2:31  SCV  
  23  2:45  SCV  
  24  2:54  Factory  
  24  2:57  Marine  
  24  2:58  Marine  
  26  2:59  Bunker  
  26  3:02  Orbital Command  
  26  3:04  SCV  
  27  3:06  Barracks Tech Lab  
  27  3:08  Supply Depot  
  27  3:09  Supply Depot  
  27  3:14  Refinery  
  27  3:16  SCV  
  27  3:19  Marine x2  
  30  3:36  Marine  
  30  3:37  Marine  
  30  3:38  Stimpack  
  30  3:39  Factory Tech Lab  
  32  3:43  SCV  
  32  3:44  SCV  
  34  3:50  Marine  
  34  3:53  Marine  
  36  3:56  SCV  
  36  3:58  Starport  
  36  4:00  Marine  
  38  4:08  Marine  
  39  4:10  SCV x2  
  41  4:19  Siege Tank  
  41  4:21  Marine, Marauder  
  41  4:22  SCV x2  
  49  4:25  Marine  
  49  4:27  Refinery  
  49  4:28  Refinery  
  50  4:36  Command Center  
  50  4:37  Starport Reactor  
  50  4:39  Marine  
  50  4:42  Marine  
  50  4:43  Marine, SCV  
  50  4:45  SCV  
  55  4:55  SCV  
  55  4:57  SCV  
  57  5:02  Marine, Siege Tank  
  57  5:03  Marine  
  62  5:07  Supply Depot  
  62  5:10  Supply Depot  
  62  5:19  Marine, Medivac x2  
  62  5:20  SCV x2  
  69  5:28  Marine  
  70  5:29  Marine  
  70  5:34  Bunker  
  71  5:36  Engineering Bay  
  71  5:38  Marauder  
  71  5:39  Concussive Shells  
  71  5:40  Engineering Bay  
  73  5:43  SCV x2  
  73  5:46  Marine  
  73  5:47  Marine  
  77  5:59  Marine  
  77  6:01  Medivac  
  77  6:02  Medivac  
  82  6:04  Marine  
  82  6:08  Marine, SCV x2  
  86  6:15  Terran Infantry Weapons Level 1  
  86  6:17  Terran Infantry Armor Level 1  
  86  6:22  Supply Depot  
  86  6:30  Marine x3  
  89  6:33  Medivac  
  89  6:36  SCV x2  
  93  6:40  Medivac  
  93  6:46  Orbital Command  
  95  6:47  Marine  
  95  6:48  Marine  
  95  6:51  Siege Tank  
  100  6:55  Supply Depot  
  100  7:00  Supply Depot  
  100  7:03  Missile Turret  
  100  7:06  Missile Turret  
  100  7:10  Marine  
  100  7:11  Marine, Missile Turret  
  102  7:15  Combat Shields  
  102  7:20  Orbital Command  
  102  7:26  Armory  
  102  7:36  Marine x2  
  104  7:38  Siege Tank, Marauder  
  109  7:46  Missile Turret  
  109  7:51  SCV x3  
  112  7:52  Missile Turret  
  112  7:53  Supply Depot  
  112  7:54  Marine x2  
  112  7:55  Supply Depot  
  112  7:59  Marine  
  112  8:01  Orbital Command  
  112  8:03  SCV x2  
  115  8:07  Refinery  
  115  8:14  Refinery  
  115  8:19  Marine x3  
  117  8:34  Terran Infantry Armor Level 2, Terran Infantry Weapons Level 2  
  117  8:35  Terran Vehicle Weapons Level 1  
  117  8:37  Marine x3, Medivac x2  
  124  8:49  Barracks x2  
  124  8:50  Barracks  
  124  8:51  Barracks  
  124  8:53  SCV x2  
  124  8:54  Marine, SCV  
  128  9:05  Refinery  
  128  9:07  Command Center  
  128  9:11  SCV x3  
  128  9:17  Marine x2  
  131  9:21  Thor  
  131  9:24  Medivac x2, Marauder  
  145  9:34  Marine  
  146  9:40  Marine  
  146  9:42  Barracks Reactor x4  
  148  9:46  Marauder  
  149  10:00  Supply Depot  
  149  10:01  Supply Depot x2  
  149  10:08  Marine  
  149  10:19  Missile Turret  
  149  10:20  Missile Turret  
  149  10:21  Marine, Medivac x2, Siege Tank  
  149  10:22  Marine  
  149  10:26  Marine  
  149  10:28  Marine x3  
  158  10:29  Marine x4  
  158  10:34  Marine  
  162  10:39  Marine  
  162  10:40  Marine  
  152  11:03  Terran Infantry Weapons Level 3, Terran Infantry Armor Level 3  
  152  11:04  Terran Vehicle Weapons Level 2  
  151  11:19  Supply Depot  
  151  11:20  Marine x11  
  151  11:21  Orbital Command  
  151  11:22  Supply Depot  
  162  11:30  SCV  
  162  11:31  SCV  
  164  11:38  Marine x3  
  164  11:39  Supply Depot, Marine x4  
  171  11:46  Marine x2  
  173  11:55  Marine x2  
  173  11:56  Marine, Missile Turret  
  109  12:20  Marine x6  
  109  12:22  Marine x3  
  74  12:23  Marine x2  
  73  12:37  Supply Depot, Marine  
  73  12:38  Supply Depot, Marine x3  
  73  12:39  Marine  
  78  12:48  Marine x3  
  81  13:02  SCV  
  81  13:04  SCV  
  83  13:07  Marine  
  83  13:08  Marine  
  83  13:12  Supply Depot x2  
  85  13:15  Marine x2  
  85  13:16  Marine x3  
  85  13:18  Marauder  
  92  13:20  SCV  
  93  13:27  SCV x2  
  93  13:28  SCV  
  96  13:39  Marine x2  
  96  13:40  Marine x4  
  96  13:41  Marine  
  96  13:48  Marine x4  
  89  13:57  Marine x2  
  78  14:16  SCV  
  78  14:17  SCV x2  
  78  14:20  Marine x2  
  78  14:24  SCV  
  83  14:32  SCV  
  83  14:33  SCV  
  83  14:35  Marine  
  86  14:40  Marine  
  87  14:49  Marine x3  
  90  14:58  Marine x2, Orbital Command  
  90  14:59  Marine x2  
  94  15:08  Marine x4  
Tags
 
Add a new tag
Caveats
  • Supply blocks, unpowered buildings, or Contaminate may cause inaccurate times.
  • Supply counts are checked every 10 seconds.